 Dungeon Crawl Stone Soup version 0.31-a0-1002-g8e65716e6e (webtiles) character file.

Game seed: 16324206421742271450

55 Arezz the Conjurer (level 4, -12/30 HPs)
             Began as a Human Conjurer on Nov 9, 2023.
             Was a Follower of Ru.
             Killed by divine providence
             ... invoked by an orc priest
              (16 damage)
             ... on level 3 of the Dungeon.
             The game lasted 00:10:15 (1861 turns).

Arezz the Conjurer (Human Conjurer)                 Turns: 1861, Time: 00:10:15

Health: -12/30     AC:  4    Str:  7    XL:     4   Next: 14%
Magic:  2/7        EV: 12    Int: 21    God:    Ru [*.....]
Gold:   108        SH:  0    Dex: 11    Spells: 6/7 levels left

rFire   . . .        c - +0 whip
rCold   . . .        (no shield)
rNeg    . . .        a - +2 robe
rPois   .            (no helmet)
rElec   .            (no cloak)
rCorr   .            (no gloves)
SInv    .            (no boots)
Will    .....        (no amulet)
Stlth   ++           (no ring)
HPRegen 0.25/turn    (no ring)
MPRegen 0.10/turn

%: no passive effects
@: very slightly contaminated
A: inability to train armour
a: Renounce Religion


You were on level 3 of the Dungeon.
You worshipped Ru.
Ru was aware of your devotion.
You visited 1 branch of the dungeon, and saw 3 of its levels.

You collected 108 gold pieces.

Inventory:

Hand Weapons
 c - a +0 whip (weapon)
Armour
 a - a +2 robe (worn)
Wands
 f - a wand of paralysis (10)
Scrolls
 e - a scroll of immolation
 h - a scroll of vulnerability
 i - 2 scrolls of identify {unknown}
Potions
 b - 3 potions of magic
 d - a potion of curing {unknown}
 g - a potion of invisibility {unknown}


   Skills:
 + Level 2.6 Dodging
 + Level 2.3 Stealth
 + Level 0.3 Unarmed Combat
 + Level 2.3 Spellcasting
 + Level 4.7 Conjurations


You had 6 spell levels left.
You knew the following spells:

 Your Spells              Type           Power      Damage    Failure   Level
a - Magic Dart            Conj           88%        1d7       1%          1

Your spell library contained the following spells:

 Spells                   Type           Power      Damage    Failure   Level
 Searing Ray              Conj           44%        2d6       3%          2
 Dazzling Flash           Conj/Hex       24%        N/A       16%         3
 Fulminant Prism          Conj/Hex       6%         3d7       47%         4
 Iskenderun's Mystic Bla  Conj/Tloc      12%        2d5       47%         4


Dungeon Overview and Level Annotations

Branches:
Dungeon (3/15)

Altars:
Ru


Innate Abilities, Weirdness & Mutations

You cannot train Armour skill.


Message History

You climb downwards.
The orc priest shouts!
The orc shouts!
The orc priest shouts!
The orc wizard shouts!
There is a stone staircase leading up here.
There are monsters nearby!
You miscast Magic Dart.
You are very lightly contaminated with residual magic.
Nothing appears to happen.
The orc wizard gestures wildly while chanting.
The orc wizard flickers and vanishes!
Deactivating autopickup; reactivate with Ctrl-A.
The orc priest misses you. The orc barely misses you.
The magic dart hits the orc priest but does no damage.
The orc priest hits you with a +0 whip.
The orc hits you from afar with a +0 trident.
The magic dart hits the orc priest.
The orc priest is lightly wounded.
The orc priest hits you with a +0 whip.
The orc hits you from afar with a +0 trident.
You redirect the orc priest's attack!
The magic dart hits the orc priest.
The orc priest is moderately wounded.
The orc priest misses you. The orc completely misses you.
The magic dart hits the orc priest.
The orc priest is severely wounded.
The orc priest hits you with a +0 whip. The orc closely misses you.
You are too injured to fight recklessly!
You are too injured to fight recklessly!
You barely miss the orc priest.
The orc priest is heavily wounded.
The orc priest barely misses you. The orc barely misses you.
You closely miss the orc priest.
The orc priest is heavily wounded.
The orc priest hits you with a +0 whip.
The orc hits you from afar with a +0 trident!
* * * LOW HITPOINT WARNING * * *
The orc priest mumbles some strange prayers to Beogh against you.
Beogh smites you!
Ouch! That really hurt!
You die...

###
#@#
#o#
#o#
#o#
#{#
#.#
#.#
#.#


You could see 2 orc priests and an orc.

Vanquished Creatures
  An adder (D:2)
  6 bats
  2 endoplasms
  2 giant cockroaches (D:1)
  3 goblins (D:1)
  6 hobgoblins
  2 jackals (D:2)
  5 kobolds
  4 quokkas (D:1)
  5 ball pythons
  4 frilled lizards
  3 rats
43 creatures vanquished.

Notes
Turn   | Place    | Note
-------+----------+-------------------------------------------
     0 | D:1      | Arezz the Human Conjurer began the quest for the Orb.
     0 | D:1      | Reached XP level 1. HP: 13/13 MP: 3/3
   241 | D:1      | Reached XP level 2. HP: 19/19 MP: 1/5
   632 | D:1      | Reached XP level 3. HP: 21/24 MP: 0/6
  1098 | D:2      | Found a faded altar of an unknown god.
  1121 | D:2      | Prayed at the altar of an unknown god.
  1121 | D:2      | Became a worshipper of Ru the Awakened
  1128 | D:2      | Gained mutation: You cannot train Armour skill. [Ru
                  | sacrifice]
  1128 | D:2      | Reached * piety under Ru
  1411 | D:2      | Reached XP level 4. HP: 30/30 MP: 0/7
  1861 | D:3      | Killed from afar by an orc priest

Illustrated notes

Levels and vault maps discovered:
D:1:      amcnicky_arrival_flooded_fountain, layout_basic
D:2:      layout_rooms, dreamdust_ecumenical_altar_grove, minmay_pentomino_p4
D:3:      layout_basic, marbit_many_paths, nicolae_wu_jian_wuxing_cycle,
          lexackson_kobold_supper

Action                     |  1- 3 |  4- 6 || total
---------------------------+-------+-------++-------
  Melee: Unarmed           |    31 |       ||    31
         Whip              |    45 |     2 ||    47
   Cast: Magic Dart        |    67 |     7 ||    74
 Invoke: Sacrifice Durabil |     1 |       ||     1
    Use: Scroll            |     6 |     2 ||     8
 Armour: Robe              |    35 |     7 ||    42
  Dodge: Dodged            |    61 |     7 ||    68

Table legend: (Time is in decaauts)
 A = Elapsed time spent in this place.
 B = Non-inter-level travel time spent in this place.
 C = Inter-level travel time spent in this place.
 D = Time resting spent in this place.
 E = Time spent auto-exploring this place.
 F = Levels seen in this place.
 G = Mean time per level.
                   A        B        C        D        E       F      G
               +--------+--------+--------+--------+--------+-----+--------+
         Total |   1864 |   1802 |     62 |      0 |   1535 |   3 |  621.3 |
       Dungeon |   1864 |   1802 |     62 |      0 |   1535 |   3 |  621.3 |
               +--------+--------+--------+--------+--------+-----+--------+

Top non-repeatable levels by time:
     D:1: 1092 daAuts
     D:2: 765 daAuts
     D:3: 6 daAuts
